 Dungeon Crawl Stone Soup version 0.20-a0-1018-ge435b50 (webtiles) character file.

81 roguesci the Insei (level 4, -5/32 HPs)
             Began as a Demonspawn Transmuter on Apr 17, 2017.
             Slain by a gnoll
             ... wielding a +0 halberd
              (6 damage)
             ... on level 2 of the Dungeon.
             The game lasted 00:06:46 (2347 turns).

roguesci the Insei (Demonspawn Transmuter)          Turns: 2347, Time: 00:06:46

Health: -5/32      AC:  5    Str: 11    XL:     4   Next: 19%
Magic:  6/7        EV: 11    Int: 14    God:
Gold:   42         SH:  0    Dex: 14    Spells: 4/8 levels left

rFire    . . .     SeeInvis .     - Unarmed
rCold    . . .     Gourm    .   (no shield)
rNeg     . . .     Faith    .   h - +0 ring mail
rPois    .         Spirit   .   (no helmet)
rElec    .         Reflect  .   (no cloak)
rCorr    .         Harm     .   (no gloves)
MR       .....                  (no boots)
Stlth    +.........             (no amulet)
Regen    0.1/turn               (no ring)
MPRegen  0.1/turn               (no ring)

@: appendage
A: hooves 1, horns 2
a: End Transformation


You were on level 2 of the Dungeon.
You were not hungry.
You had grown temporary horns.
You visited 1 branch of the dungeon, and saw 2 of its levels.

You collected 42 gold pieces.

Inventory:

Hand Weapons
 k - a +2 trident of venom
Missiles
 a - 24 arrows
 f - 19 sling bullets
 n - 38 stones (quivered)
Armour
 b - a +0 robe
 h - a +0 ring mail (worn)
Scrolls
 e - a scroll of amnesia {unknown}
 j - a scroll of random uselessness {unknown}
 l - a scroll of identify {unknown}
 m - a scroll of remove curse {unknown}
Books
 c - a book of Changes

   Spells                             Type                      Level
   a - Beastly Appendage              Transmutation                1
   b - Sticks to Snakes               Transmutation                2
   c - Spider Form                    Transmutation/Poison         3
   d - Ice Form                       Ice/Transmutation            4
   e - Blade Hands                    Transmutation                5
Comestibles
 d - 3 bread rations
 g - a fruit
 o - 2 chunks of flesh
 p - a royal jelly


   Skills:
 + Level 1.2 Fighting
 * Level 2.4 Dodging
 + Level 0.4 Stealth
 * Level 3.1 Unarmed Combat
 * Level 2.5 Spellcasting
 * Level 2.6 Transmutations


You had 4 spell levels left.
You knew the following spells:

 Your Spells              Type           Power        Failure   Level  Hunger
a - Beastly Appendage     Tmut           #.....       21%         1    #......
b - Spider Form           Tmut/Pois      #.........   92%         3    ###....


Dungeon Overview and Level Annotations

Branches:
Dungeon (2/15)

Altars:


Innate Abilities, Weirdness & Mutations

You have large cloven feet.
You have a pair of horns on your head.


Message History

You kill the gnoll!
The gnoll hits you from afar with a spear!
* * * LOW HITPOINT WARNING * * *
You feel better.
The gnoll hits you from afar with a spear.
The gnoll hits you but does no damage.
You hit the gnoll but do no damage.
Your horns disappear.
The gnoll closely misses you.
You hit the gnoll. Your kick misses the gnoll.
The gnoll is lightly wounded.
The gnoll hits you with a spear.
* * * LOW HITPOINT WARNING * * *
The gnoll closely misses you.
Casting: Beastly Appendage
Confirm with . or Enter, or press ? or * to list all spells.
You grow a pair of large bovine horns.
The gnoll hits you with a spear.
* * * LOW HITPOINT WARNING * * *
The gnoll hits you from afar with a halberd.
You die...

.. ... . ....#.# .#.#.
... ####.### #...g..#
#.##g#.# #g# # #@# # #
#.#.# #.##.#.# #......#
####%### #.#######
#.......#####
############..####.#...
#......#........##.#.####


You could see 3 gnolls.

Vanquished Creatures
  A gnoll (D:2)
  3 adders (D:2)
  An ooze (D:2)
  2 dart slugs
  A leopard gecko (D:2)
  2 giant cockroaches
  2 goblins
  6 hobgoblins (D:1)
  A quokka (D:2)
  A ball python (D:1)
  4 bats (D:1)
  A frilled lizard (D:1)
  5 kobolds
  8 rats
38 creatures vanquished.

Notes
Turn   | Place    | Note
-------+----------+-------------------------------------------
     0 | D:1      | roguesci the Demonspawn Transmuter began the quest for the Orb.
     0 | D:1      | Reached XP level 1. HP: 15/15 MP: 3/3
   409 | D:1      | Lost mutation: You have claws for feet. [demonic ancestry]
   409 | D:1      | Lost mutation: You have razor-sharp toenails. [demonic ancestry]
   409 | D:1      | Lost mutation: You have sharp toenails. [demonic ancestry]
   409 | D:1      | Gained mutation: You have large cloven feet. [demonic ancestry]
   409 | D:1      | Reached XP level 2. HP: 17/21 MP: 3/5
  1328 | D:2      | Reached XP level 3. HP: 25/26 MP: 6/6
  1369 | D:2      | Learned a level 3 spell: Spider Form
  1405 | D:2      | Reached skill level 3 in Unarmed Combat
  2333 | D:2      | Reached XP level 4. HP: 24/32 MP: 5/7
  2347 | D:2      | HP: 1/32 [gnoll/spear (6)]
  2347 | D:2      | Slain by a gnoll

Vault maps used:
D:1:      sevenhm_arrival_forest_fort_small_4, hangedman_decor_clover_reticule

Skill      XL: |  1  2  3 |
---------------+----------+-----
Transmutations | 2 |  2.6
Dodging        | 2 |  2.4
Unarmed Combat | 3 |  3.1
Fighting       | |  1.2
Stealth        | |  0.4
Spellcasting   | |  2.5

Action                   |  1- 3 |  4- 6 || total
-------------------------+-------+-------++-------
Melee: Unarmed           |   177 |     8 ||   185
       Kick              |    24 |       ||    24
       Headbutt          |     6 |     1 ||     7
       Punch             |     2 |       ||     2
 Cast: Beastly Appendage |    18 |     1 ||    19
  Use: Potion            |     1 |     1 ||     2
  Eat: Chunk             |     5 |       ||     5
Armor: Robe              |     9 |       ||     9
       Ring mail         |    38 |     2 ||    40
Dodge: Dodged            |   105 |     4 ||   109
